[Event "Titled Tuesday Blitz March 21 Early 2023"]
[White "Castellanos Gomez, Alejandro"]
[Black "Alvarez Calzadilla, Jose Avelino"]
[WhiteFideId "22284141"]
[BlackFideId "3526151"]
[WhiteElo "2158"]
[BlackElo "2310"]
[Result "0-1"]
[Round "04"]
[TimeControl "180+2"]
[Date "2023.03.21"]
[WhiteClock "0:00:03"]
[BlackClock "0:00:11"]

1. d4 Nf6 2. Bf4 d6 3. f3 Nbd7 4. c3 c6 5. e4 e5 6. Be3 Qb6 7. Qd2 exd4 8. cxd4 Be7 9. Nc3 O-O 10. Bc4 d5 11. exd5 Bb4 12. dxc6 Qxc6 13. Bb3 Re8 14. Nge2 Nb6 15. O-O Nc4 16. Bxc4 Qxc4 17. Rfe1 Bf5 18. Rac1 Rad8 19. a3 Ba5 20. b4 Bb6 21. Na4 Qd3 22. Nxb6 axb6 23. Qxd3 Bxd3 24. Nf4 Bb5 25. Kf2 g5 26. Ne2 h6 27. Nc3 Bc6 28. b5 Bd5 29. Na4 Re6 30. Rc3 Ra8 31. Nb2 Rae8 32. Bd2 Rd8 33. Rxe6 Bxe6 34. Be3 Nd5 35. Rc2 Ra8 36. a4 Ne7 37. Rc7 Nf5 38. Rxb7 Rc8 39. Bd2 Rc2 40. Ke2 Rxb2 41. Rxb6 Bc4+ 42. Kd1 Nxd4 43. Bc3 Rb1+ 44. Kd2 Nb3+ 45. Kc2 Rc1+ 46. Kb2 Rg1 47. Rxh6 Rxg2+ 48. Ka3 f6 49. Bxf6 Kf7 50. Bc3 Be6 0-1


[Site "https://www.chess.com"]

[Event "Titled Tuesday Blitz March 21 Early 2023"]
[White "Spitzl, Vinzent"]
[Black "Turayev, Shahruh"]
[WhiteFideId "12901253"]
[BlackFideId "14003856"]
[WhiteElo "2225"]
[BlackElo "2171"]
[Result "0-1"]
[Round "04"]
[TimeControl "180+2"]
[Date "2023.03.21"]
[WhiteClock "0:00:04"]
[BlackClock "0:00:08"]

1. e4 d5 2. exd5 Qxd5 3. Nf3 Nf6 4. d4 Bg4 5. Be2 Nc6 6. c4 Qh5 7. Be3 O-O-O 8. Nbd2 e6 9. O-O Bd6 10. Re1 e5 11. d5 Nd4 12. Bxd4 exd4 13. Nf1 Rhe8 14. Ng3 Qg6 15. Nxd4 Bxe2 16. Rxe2 h5 17. Rxe8 Rxe8 18. Qf3 Bc5 19. Nb3 Bf8 20. Kf1 Qc2 21. Qf5+ Qxf5 22. Nxf5 g6 23. Ne3 Bh6 24. Re1 Bxe3 25. Rxe3 Rxe3 26. fxe3 Ng4 27. Ke2 Nxh2 28. Nd4 Kd7 29. c5 Ng4 30. e4 Ne5 31. Nf3 Ng4 32. Nd4 f6 33. b4 g5 34. b5 h4 35. c6+ Kc8 36. a4 Ne5 37. Ne6 a6 38. bxa6 bxa6 39. Nc5 a5 40. Nb3 Nc4 41. Kd3 Nb2+ 42. Ke3 Nxa4 43. Nxa5 Nb6 44. Kf3 Kd8 45. Kg4 Ke7 46. Kf5 Kd6 47. Nb7+ Ke7 48. Nc5 Nc4 49. Kg4 Nd6 50. e5 fxe5 51. Kxg5 Ne4+ 52. Kxh4 Nxc5 53. Kg5 Kd6 54. Kf6 Kxd5 55. g4 e4 56. g5 e3 57. g6 Ne6 0-1


[Site "https://www.chess.com"]

[Event "Titled Tuesday Blitz March 21 Early 2023"]
[White "Ronka, Erik"]
[Black "wqws"]
[WhiteFideId "505080"]
[WhiteElo "2264"]
[BlackElo "2623"]
[Result "0-1"]
[Round "04"]
[TimeControl "180+2"]
[Date "2023.03.21"]
[WhiteClock "0:00:02"]
[BlackClock "0:00:20"]

1. e4 c5 2. Nf3 d6 3. d4 cxd4 4. Nxd4 Nf6 5. Nc3 a6 6. Nb3 e6 7. g4 b5 8. Bg2 Bb7 9. g5 Nfd7 10. f4 Be7 11. Qe2 h6 12. h4 hxg5 13. hxg5 Rxh1+ 14. Bxh1 Nc6 15. Be3 Qc7 16. O-O-O O-O-O 17. Qh5 b4 18. Ne2 g6 19. Qh7 Rf8 20. Qh3 Kb8 21. Kb1 a5 22. f5 a4 23. Nbd4 Nxd4 24. Nxd4 e5 25. Nb5 Qc6 26. f6 Rc8 27. Rd2 Qxb5 28. fxe7 b3 29. cxb3 axb3 30. axb3 Nc5 31. Bxc5 Qxc5 32. Qf1 Qc7 33. Qd3 Qxe7 34. Qxd6+ Qxd6 35. Rxd6 Rh8 36. Bf3 Rh3 37. Bd1 Bxe4+ 38. Ka2 Rd3 39. Rxd3 Bxd3 40. b4 e4 41. Kb3 e3 42. Kc3 e2 43. Bxe2 Bxe2 44. Kd4 Kc7 45. Ke5 Kb6 46. Kf6 Kb5 47. Kxf7 Bd3 48. Kf6 Bf5 49. Ke5 Kxb4 0-1


[Site "https://www.chess.com"]

[Event "Titled Tuesday Blitz March 21 Early 2023"]
[White "Aaditya Dhingra"]
[Black "Tarasova, Viktoriya"]
[WhiteFideId "25678191"]
[BlackFideId "4175840"]
[WhiteElo "2083"]
[BlackElo "2182"]
[Result "1-0"]
[Round "04"]
[TimeControl "180+2"]
[Date "2023.03.21"]
[WhiteClock "0:00:11"]
[BlackClock "0:00:02"]

1. c4 e5 2. Nc3 Nf6 3. Nf3 Nc6 4. g3 Bb4 5. Bg2 O-O 6. O-O e4 7. Ng5 Bxc3 8. bxc3 Re8 9. d3 exd3 10. exd3 d6 11. Rb1 h6 12. Nh3 Ne5 13. f4 Neg4 14. Nf2 Nxf2 15. Rxf2 c6 16. f5 d5 17. c5 d4 18. cxd4 Qxd4 19. Bb2 Qxc5 20. Bxf6 gxf6 21. d4 Qe7 22. Qh5 Kh7 23. Rf4 Bd7 24. Rh4 Qf8 25. Rxb7 Re7 26. Rf4 Rae8 27. h4 Re1+ 28. Kh2 R1e7 29. Rf2 Qg7 30. Rxa7 Re3 31. Rf3 Rxf3 32. Qxf3 Re7 33. d5 cxd5 34. Qxd5 Be6 35. fxe6 Rxa7 36. Be4+ 1-0


[Site "https://www.chess.com"]

[Event "Titled Tuesday Blitz March 21 Early 2023"]
[White "Savitha Shri B"]
[Black "Crevatin, Leo"]
[WhiteFideId "35061887"]
[BlackFideId "1726307"]
[WhiteElo "2191"]
[BlackElo "2190"]
[Result "0-1"]
[Round "04"]
[TimeControl "180+2"]
[Date "2023.03.21"]
[WhiteClock "0:00:04"]
[BlackClock "0:00:03"]

1. Nf3 d5 2. g3 g6 3. Bg2 Bg7 4. O-O e5 5. d4 exd4 6. Nxd4 Nf6 7. Bg5 c6 8. Nc3 h6 9. Bf4 O-O 10. Qd2 g5 11. Bxb8 Rxb8 12. Rad1 Re8 13. Nb3 Qb6 14. h3 Bf5 15. Rfe1 Ne4 16. Nxe4 Bxe4 17. c3 Qc7 18. Nc5 Bxg2 19. Kxg2 Qe7 20. b4 Rbd8 21. e3 b6 22. Nb3 Qf6 23. Rc1 Re4 24. Qe2 Rc4 25. Nd4 c5 26. bxc5 bxc5 27. Nb3 Rc8 28. Red1 Rxc3 29. Rxc3 Qxc3 30. Rxd5 Qb4 31. Qf3 c4 32. Rd7 Qf8 33. Nd4 c3 34. Nc2 a5 35. e4 Qe8 36. Ra7 a4 37. Qf5 Ra8 38. Rc7 Qe6 39. Qxe6 fxe6 40. Kf3 Rb8 41. Ke3 Rb2 42. Kd3 Rxa2 43. f4 gxf4 44. gxf4 Rb2 45. e5 Rb1 46. Kxc3 Rb3+ 47. Kd4 Rxh3 48. Ra7 Rh4 49. Ke4 h5 50. Rxa4 Bh6 51. Kf3 Rh3+ 52. Ke4 h4 53. Nd4 Rh1 54. Nxe6 h3 55. Kf5 h2 56. Ra8+ Kf7 57. Ra7+ Ke8 58. Nc7+ Kf8 59. Ne6+ Ke8 60. Ra2 Ke7 61. Nd4 Ke8 62. Nc6 Bxf4 63. Ra8+ Kd7 64. Nd4 Bxe5 65. Ra7+ Bc7 66. Ne6 Rf1+ 67. Kg6 h1=Q 68. Rxc7+ Kxe6 69. Rc6+ Kd7 70. Kg7 Qg1+ 0-1


[Site "https://www.chess.com"]

[Event "Titled Tuesday Blitz March 21 Early 2023"]
[White "Guzman Moneo, Alberto"]
[Black "Yelisieiev, Yevhenii"]
[WhiteFideId "2209616"]
[BlackFideId "14139642"]
[WhiteElo "2157"]
[BlackElo "2447"]
[Result "0-1"]
[Round "04"]
[TimeControl "180+2"]
[Date "2023.03.21"]
[WhiteClock "0:00:57"]
[BlackClock "0:00:32"]

1. e4 d6 2. d4 Nf6 3. Nc3 e5 4. Nf3 Nbd7 5. Bc4 Be7 6. a4 O-O 7. O-O c6 8. a5 Nxe4 9. Nxe4 d5 10. Bd3 dxe4 11. Bxe4 Nf6 12. Re1 Nxe4 13. Rxe4 exd4 14. Rxd4 Qe8 15. Bg5 Bxg5 16. Nxg5 h6 17. Ne4 Be6 18. Nd6 Qe7 19. Qd3 Rfd8 20. Rd1 Rd7 21. b4 Rad8 22. c4 Bxc4 23. Qxc4 Rxd6 24. Rxd6 Rxd6 25. Rxd6 Qxd6 26. g3 Qd1+ 27. Kg2 Qd5+ 28. Qxd5 cxd5 29. Kf3 f6 30. Ke3 Kf7 31. Kd4 Ke6 32. f4 Kd6 33. f5 Kc6 34. g4 a6 35. h3 Kd6 36. h4 Kc6 37. Kd3 Kb5 38. Kd4 Kxb4 39. Kxd5 Kxa5 40. Ke6 b5 41. Kf7 b4 42. Kxg7 b3 43. Kxf6 b2 44. Kg7 b1=Q 45. f6 Qg1 46. g5 hxg5 47. h5 g4 48. h6 Qe3 49. h7 Qg5+ 50. Kf7 Qh6 51. Kg8 Qxf6 0-1


[Site "https://www.chess.com"]

[Event "Titled Tuesday Blitz March 21 Early 2023"]
[White "Kostiukov, Alexandr"]
[Black "Diaz Rosas, Julio Cesar"]
[WhiteFideId "14108100"]
[BlackFideId "5105099"]
[WhiteElo "2202"]
[BlackElo "2270"]
[Result "1/2-1/2"]
[Round "04"]
[TimeControl "180+2"]
[Date "2023.03.21"]
[WhiteClock "0:00:10"]
[BlackClock "0:00:16"]

1. g3 Nf6 2. Bg2 g6 3. Nf3 Bg7 4. O-O O-O 5. c4 d5 6. cxd5 Nxd5 7. Nc3 Nb6 8. d3 a5 9. Be3 Nc6 10. Rc1 a4 11. Bxb6 cxb6 12. Nxa4 b5 13. Nc3 b4 14. Na4 b5 15. Rxc6 bxa4 16. Qd2 Bb7 17. Rc4 Bd5 18. Rxb4 Bxa2 19. d4 Bd5 20. Rd1 Qa5 21. Ne1 Bxg2 22. Nxg2 Rfd8 23. e3 e5 24. Qc3 Rdc8 25. Rc4 Qxc3 26. Rxc3 Rcb8 27. Ra1 exd4 28. exd4 Bxd4 29. Rc4 Bxb2 30. Raxa4 Rxa4 31. Rxa4 Kg7 32. Ne3 Rd8 33. Kg2 h5 34. h4 Bd4 35. Kf3 Bc5 36. Rc4 Bb6 37. Rc6 Bd4 38. Rc7 Rd6 39. Ng2 Rf6+ 40. Nf4 Be5 41. Rc4 Rd6 42. Ke4 Bxf4 43. Kxf4 Rd3 44. Ke4 Rb3 45. Rd4 Kh6 46. Rd3 f5+ 47. Ke3 Rb4 48. Rd7 Rg4 49. Kf3 f4 50. Rf7 fxg3 51. fxg3 g5 52. Rf6+ Kg7 53. Rf5 gxh4 54. Rxh5 Rxg3+ 55. Kf4 Ra3 56. Rxh4 Kg6 57. Rg4+ Kf6 58. Rg8 Ra4+ 59. Ke3 Rh4 60. Kf3 Rh3+ 61. Rg3 Rh7 62. Rg4 Ke5 63. Re4+ Kd5 64. Rg4 Rf7+ 65. Ke3 Re7+ 66. Kd3 Re5 67. Rd4+ Kc5 68. Re4 Rh5 69. Re3 Rh4 70. Rf3 Ra4 71. Ke3 Kd5 72. Kf2 Ke4 73. Re3+ Kf4 74. Rf3+ Ke4 75. Re3+ Kd4 76. Rf3 Ra2+ 77. Kg3 Ke5 78. Re3+ Kf5 79. Kf3 Ra4 80. Rd3 Rh4 81. Ke3 Rh3+ 82. Kd2 Rh2+ 83. Kc3 Ke5 84. Rd2 Rh4 85. Re2+ Kd5 86. Rd2+ Kc5 87. Re2 Rh3+ 88. Kd2 Kd4 89. Rf2 Ke4 90. Re2+ Kd4 91. Rf2 Ra3 92. Rf4+ Ke5 93. Rh4 Kf5 94. Rb4 Rh3 95. Kc2 Ke5 96. Kb2 Kd5 97. Rb3 Rh2+ 98. Ka3 Kc4 99. Rg3 Rh4 100. Rf3 Rd4 101. Rg3 Rf4 102. Rh3 Rg4 103. Rf3 Kc5 104. Rh3 Kb5 105. Rb3+ Ka5 106. Rf3 1/2-1/2


[Site "https://www.chess.com"]

[Event "Titled Tuesday Blitz March 21 Early 2023"]
[White "Ingebretsen, Jens E"]
[Black "TigranHH"]
[WhiteFideId "1522965"]
[WhiteElo "2213"]
[BlackElo "2289"]
[Result "1/2-1/2"]
[Round "04"]
[TimeControl "180+2"]
[Date "2023.03.21"]
[WhiteClock "0:00:16"]
[BlackClock "0:00:16"]

1. Nf3 d5 2. e3 Nf6 3. c4 e6 4. Nc3 Nbd7 5. d4 c6 6. Be2 Bd6 7. O-O O-O 8. b3 Qe7 9. Bb2 dxc4 10. Bxc4 e5 11. dxe5 Nxe5 12. Be2 Rd8 13. Qc2 Bg4 14. Nd4 Bxe2 15. Ncxe2 g6 16. h3 Nd5 17. Rad1 Qh4 18. f4 Nd7 19. Rf3 Re8 20. e4 Nb4 21. Qb1 Nc5 22. e5 Bf8 23. a3 Nd5 24. b4 Ne6 25. Nxe6 Rxe6 26. Nd4 Ree8 27. Qe4 Bg7 28. Rdf1 Rxe5 29. Qd3 Ree8 30. b5 Nb6 31. bxc6 bxc6 32. f5 Be5 33. fxg6 fxg6 34. Nxc6 Bxb2 35. Qb3+ Qc4 36. Rf8+ Rxf8 37. Ne7+ Kg7 38. Qxb2+ Kh6 39. Qd2+ Kg7 40. Qb2+ Kh6 41. Qd2+ Kg7 42. Re1 Qc5+ 43. Kh1 Rad8 44. Qb2+ Qd4 45. Qe2 Rf7 46. Qe6 Qd6 47. Qe4 Re8 48. Nf5+ gxf5 49. Qxe8 Qf6 50. Qe2 f4 51. Qf3 Nd7 52. Re4 Ne5 53. Qd1 f3 54. gxf3 Qxf3+ 55. Qxf3 Nxf3 56. Rg4+ Kf6 57. Ra4 Ne5 58. Ra6+ Kf5 59. Kg2 Kf4 60. Ra4+ Kf5 61. Kg3 Rb7 62. Ra5 Rc7 63. h4 h5 64. Kg2 Rg7+ 65. Kf2 Rc7 66. Ke3 Kg4 67. Rxe5 Kxh4 68. Ra5 Kg4 69. Ra4+ Kg3 70. Ra6 Re7+ 71. Kd2 h4 72. Rg6+ Kf2 73. Rf6+ Kg3 74. Rg6+ Kh2 75. Rh6 h3 76. Kc3 Kh1 77. Rxh3+ Kg2 78. Rh6 Rb7 79. Rf6 Kg3 80. Kc4 Kg4 81. Rf8 Kg5 82. a4 Kg6 83. Rf1 Kg5 84. Kc5 a5 85. Rd1 Rb4 86. Rd4 Rxd4 87. Kxd4 Kf6 88. Kc5 Ke7 89. Kb5 Kd7 90. Kxa5 Kc7 91. Ka6 Kb8 92. Kb6 Ka8 93. Ka6 Kb8 94. Kb6 Ka8 95. a5 Kb8 96. Kb5 Ka8 97. Ka4 Kb8 98. Kb4 Ka8 99. Kc4 Kb8 100. Kb4 Ka8 101. a6 Kb8 102. a7+ Ka8 103. Kb5 Kxa7 1/2-1/2


[Site "https://www.chess.com"]

[Event "Titled Tuesday Blitz March 21 Early 2023"]
[White "sebastianmarinp"]
[Black "Bodnaruk, Anastasia"]
[BlackFideId "4181751"]
[WhiteElo "2284"]
[BlackElo "2310"]
[Result "0-1"]
[Round "04"]
[TimeControl "180+2"]
[Date "2023.03.21"]
[WhiteClock "0:00:02"]
[BlackClock "0:00:03"]

1. e4 c5 2. Nf3 d6 3. d4 cxd4 4. Nxd4 Nf6 5. Nc3 a6 6. f3 e5 7. Nb3 Be7 8. Be3 Be6 9. Qd2 O-O 10. O-O-O b5 11. g4 Nbd7 12. g5 Nh5 13. Nd5 Bxd5 14. exd5 f5 15. gxf6 Ndxf6 16. Bh3 a5 17. Be6+ Kh8 18. Qg2 a4 19. Nd2 a3 20. Nb3 Qc7 21. Rhg1 Ra4 22. bxa3 Rxa3 23. Kb2 Rfa8 24. Ra1 b4 25. Qd2 Qb7 26. Rg4 Nf4 27. Rxf4 exf4 28. Bxf4 Qa6 29. Nc1 Nh5 30. Bg5 Bxg5 31. Qxg5 Nf6 32. Qd2 Qc4 33. Nb3 Ne8 34. Bd7 Nc7 35. Bc6 Rf8 36. Rg1 Qc3+ 37. Qxc3 bxc3+ 38. Kxa3 Rxf3 39. Rg3 Rxg3 40. hxg3 h5 41. Nd4 g5 42. Ne6 h4 43. gxh4 gxh4 44. Nxc7 h3 45. Ne8 h2 46. Nxd6 h1=Q 47. Kb3 Qa1 48. Nc4 Kg7 49. d6 Kf6 50. d7 Ke7 51. a4 Qb1+ 52. Kxc3 Qb8 53. Bb5 Qc7 54. Kb4 Qb8 55. a5 Qh2 56. c3 Qg1 0-1


[Site "https://www.chess.com"]

[Event "Titled Tuesday Blitz March 21 Early 2023"]
[White "lolliNOPE"]
[Black "djokovic74"]
[WhiteElo "2031"]
[BlackElo "2568"]
[Result "0-1"]
[Round "04"]
[TimeControl "180+2"]
[Date "2023.03.21"]
[WhiteClock "0:00:28"]
[BlackClock "0:01:24"]

1. e4 e6 2. d4 d5 3. Nc3 Nf6 4. e5 Nfd7 5. f4 c5 6. Nf3 Nc6 7. Be3 cxd4 8. Nxd4 Qb6 9. Qd2 Qxb2 10. Rb1 Qa3 11. Ncb5 Qxa2 12. Rb3 Qa1+ 13. Kf2 Nc5 14. Bd3 Qxh1 15. Nc7+ Kd8 16. Nxa8 Nxb3 17. cxb3 Qa1 18. Nb5 Bb4 19. Qc2 g5 20. Bc5 Qe1+ 21. Kf3 Rg8 22. h3 gxf4 23. Bxb4 Qe3# 0-1


[Site "https://www.chess.com"]

[Event "Titled Tuesday Blitz March 21 Early 2023"]
[White "Jaivardhan Raj"]
[Black "Ibarra Jerez, Jose Carlos"]
[WhiteFideId "25744437"]
[BlackFideId "2226332"]
[WhiteElo "1772"]
[BlackElo "2638"]
[Result "0-1"]
[Round "04"]
[TimeControl "180+2"]
[Date "2023.03.21"]
[WhiteClock "0:01:29"]
[BlackClock "0:01:59"]

1. e4 c5 2. Nf3 e6 3. d4 cxd4 4. Nxd4 Bc5 5. Nb3 Bb6 6. c4 Ne7 7. Nc3 O-O 8. Bg5 f5 9. Bd3 Bxf2+ 10. Kxf2 fxe4+ 11. Ke2 exd3+ 12. Qxd3 Qe8 13. g4 Nbc6 14. Rhf1 Ng6 15. Ne4 Nce5 16. Qd4 d5 17. Nd6 Qc6 18. Rxf8+ Kxf8 19. Rf1+ Kg8 20. Nxc8 Rxc8 21. c5 Qa6+ 22. Kd2 Qxf1 0-1


[Site "https://www.chess.com"]

[Event "Titled Tuesday Blitz March 21 Early 2023"]
[White "Timofeev, Artyom"]
[Black "Wahedi, Ahmad Siar"]
[WhiteFideId "4140419"]
[BlackFideId "4651260"]
[WhiteElo "2586"]
[BlackElo "2459"]
[Result "1-0"]
[Round "04"]
[TimeControl "180+2"]
[Date "2023.03.21"]
[WhiteClock "0:00:25"]
[BlackClock "0:00:20"]

1. e4 e6 2. Qe2 c5 3. Nf3 Nc6 4. g3 g6 5. Bg2 Bg7 6. c3 Nge7 7. h4 h6 8. O-O O-O 9. d3 Rb8 10. Be3 d6 11. Nbd2 b5 12. d4 b4 13. dxc5 bxc3 14. bxc3 dxc5 15. Bxc5 Bxc3 16. Rac1 Bg7 17. Rfd1 Qa5 18. Nb3 Qa6 19. Qxa6 Bxa6 20. Bd6 Rbd8 21. Bf1 Bxf1 22. Kxf1 Rfe8 23. Nc5 Na5 24. Bxe7 Rxd1+ 25. Rxd1 Rxe7 26. Rd8+ Kh7 27. Rc8 Nb7 28. e5 Nxc5 29. Rxc5 Rd7 30. Ra5 Bf8 31. Ke2 Kg7 32. Ra4 Bc5 33. Ne1 Bd4 34. Nd3 g5 35. h5 Rd5 36. f4 gxf4 37. gxf4 Bb6 38. Rc4 Ra5 39. a4 Rd5 40. Nb4 Rd7 41. Nc6 f6 42. a5 Bg1 43. Kf3 fxe5 44. Nxe5 Rd5 45. Rc7+ Kg8 46. a6 Bd4 47. Ke4 Kf8 48. Rb7 Ke8 49. Rh7 Rd6 50. Nc4 Rd5 51. Rxh6 Ke7 52. Ne5 Bb2 53. Rh7+ Ke8 54. Rxa7 Rd4+ 55. Kf3 Ra4 56. h6 Bxe5 57. fxe5 Rh4 58. h7 1-0


[Site "https://www.chess.com"]

[Event "Titled Tuesday Blitz March 21 Early 2023"]
[White "Fier, Alexandr"]
[Black "Gulkov, Igor A."]
[WhiteFideId "2107139"]
[BlackFideId "4120973"]
[WhiteElo "2610"]
[BlackElo "2343"]
[Result "1-0"]
[Round "04"]
[TimeControl "180+2"]
[Date "2023.03.21"]
[WhiteClock "0:01:41"]
[BlackClock "0:00:02"]

1. b3 e5 2. Bb2 d6 3. g3 g6 4. Bg2 Bg7 5. c4 Nf6 6. Nc3 O-O 7. e3 c6 8. Nge2 Re8 9. O-O d5 10. d4 e4 11. cxd5 cxd5 12. b4 h5 13. Qb3 h4 14. Nf4 Be6 15. Nxe6 Rxe6 16. Rac1 Nc6 17. Na4 b6 18. Rc2 Bf8 19. a3 Rd6 20. Rfc1 Ne7 21. Nc3 a6 22. b5 a5 23. a4 hxg3 24. hxg3 Nf5 25. Ba3 Rd7 26. Bxf8 Kxf8 27. Ne2 Kg7 28. Rc6 Ne7 29. R6c3 Rd6 30. Qc2 Ra7 31. Bh3 Ne8 32. Kg2 f5 33. Kg1 g5 34. Bg2 Rdd7 35. g4 fxg4 36. Ng3 Nf6 37. Bf1 Kg6 38. Be2 Nf5 39. Nxf5 Kxf5 40. Rc8 Qe7 41. Kg2 Rd8 42. Rxd8 Qxd8 43. Qc6 Rh7 44. Qc8+ Qxc8 45. Rxc8 Re7 46. Rb8 Re6 47. Rb7 Rd6 48. Rb8 Re6 49. Rh8 Rd6 50. Kg3 Rd7 51. Rf8 Kg6 52. Bxg4 Rc7 53. Be6 Rc1 54. Rb8 Ra1 55. Rxb6 Rxa4 56. Bxd5 Kf5 57. Be6+ Kg6 58. d5 1-0


[Site "https://www.chess.com"]

[Event "Titled Tuesday Blitz March 21 Early 2023"]
[White "Shvedova, Alexandra"]
[Black "Nazari, Arad"]
[WhiteFideId "54154782"]
[BlackFideId "12577324"]
[WhiteElo "2057"]
[BlackElo "2313"]
[Result "0-1"]
[Round "04"]
[TimeControl "180+2"]
[Date "2023.03.21"]
[WhiteClock "0:00:05"]
[BlackClock "0:00:07"]

1. d4 Nf6 2. Nf3 g6 3. g3 Bg7 4. Bg2 O-O 5. O-O d5 6. c4 c6 7. Nc3 dxc4 8. a4 Nbd7 9. Nd2 Nb6 10. a5 Nbd5 11. Nxc4 Be6 12. Ne5 Ng4 13. Nxg4 Bxg4 14. h3 Be6 15. e4 Nb4 16. Ra4 Na6 17. Be3 Qd7 18. Kh2 Rfd8 19. Qc2 Rac8 20. Rd1 Qe8 21. Bf1 Nc7 22. Bc4 Bxc4 23. Rxc4 Rd7 24. d5 Rcd8 25. dxc6 bxc6 26. Rxd7 Qxd7 27. Kg2 Ne6 28. Ne2 Rc8 29. b3 a6 30. Qd2 Qb7 31. Qb4 Qxb4 32. Rxb4 Ra8 33. Rb7 Nd8 34. Rxe7 Bf8 35. Rd7 Bb4 36. Bd2 Ba3 37. Nd4 Kf8 38. Nc2 Bc5 39. b4 Ke8 40. Rd3 Be7 41. Be3 Rb8 42. Bd2 Ne6 43. f4 Rb5 44. Kf3 c5 45. f5 gxf5 46. exf5 Nd8 47. bxc5 Rxc5 48. g4 Rxc2 49. Be3 Ra2 50. Bb6 Nc6 51. Rd5 Bf6 52. Rd6 Ra3+ 53. Ke4 Ra4+ 54. Kd5 Nb4+ 55. Kc5 Be7 0-1


[Site "https://www.chess.com"]

[Event "Titled Tuesday Blitz March 21 Early 2023"]
[White "Baches Garcia, Guillermo"]
[Black "Basso, Pier Luigi"]
[WhiteFideId "2209764"]
[BlackFideId "866970"]
[WhiteElo "2458"]
[BlackElo "2438"]
[Result "0-1"]
[Round "04"]
[TimeControl "180+2"]
[Date "2023.03.21"]
[WhiteClock "0:02:11"]
[BlackClock "0:02:25"]

1. e4 c6 2. c4 d5 3. exd5 cxd5 4. cxd5 Nf6 5. Nc3 Nxd5 6. Nf3 Nc6 7. Bb5 g6 8. O-O Bg7 9. Re1 O-O 10. d4 Bg4 11. h3 Bxf3 12. Qxf3 Nxd4 13. Qd3 Nxc3 0-1


[Site "https://www.chess.com"]

[Event "Titled Tuesday Blitz March 21 Early 2023"]
[White "Liyanage, Ranindu Dilshan"]
[Black "Bilan, Danila"]
[WhiteFideId "9915834"]
[BlackFideId "24161918"]
[WhiteElo "2199"]
[BlackElo "2182"]
[Result "1-0"]
[Round "04"]
[TimeControl "180+2"]
[Date "2023.03.21"]
[WhiteClock "0:00:29"]
[BlackClock "0:00:02"]

1. d4 d5 2. Nc3 Nf6 3. Bf4 a6 4. e3 Bf5 5. f3 Bg6 6. g4 e6 7. h4 h6 8. Bd3 Bxd3 9. Qxd3 Bd6 10. Nge2 Nc6 11. O-O-O Qd7 12. e4 dxe4 13. fxe4 Nxg4 14. Bxd6 Qxd6 15. e5 Qe7 16. Qg3 h5 17. d5 Ncxe5 18. dxe6 Qxe6 19. Nf4 Qh6 20. Nd5 O-O 21. Kb1 c6 22. Ne7+ Kh8 23. Nf5 Qh7 24. Nd6 b5 25. Rhe1 Rad8 26. Nh3 f6 27. Nf4 Rd7 28. Ne6 Rg8 29. Nc5 Re7 30. Nd3 Rd8 31. Nxe5 Nxe5 32. a4 Qg8 33. Nf5 Red7 34. Rxd7 Rxd7 35. axb5 axb5 36. b3 Qf7 37. Qf4 Qg6 38. Ne3 Kh7 39. Re2 Ng4 40. Rg2 Qh6 41. Qf5+ Qg6 42. Qxd7 1-0


[Site "https://www.chess.com"]

[Event "Titled Tuesday Blitz March 21 Early 2023"]
[White "HSH1987"]
[Black "Girsh, Daniel"]
[BlackFideId "30949190"]
[WhiteElo "2699"]
[BlackElo "2075"]
[Result "0-1"]
[Round "04"]
[TimeControl "180+2"]
[Date "2023.03.21"]
[WhiteClock "0:00:05"]
[BlackClock "0:00:16"]

1. Nf3 Nf6 2. g3 d5 3. Bg2 e6 4. O-O Be7 5. d3 O-O 6. Bf4 c5 7. e4 Nc6 8. Qe2 Qb6 9. c3 Qa6 10. e5 Nd7 11. h4 b5 12. Nbd2 b4 13. h5 Bb7 14. h6 g6 15. Rfc1 Rfe8 16. Nf1 Rac8 17. N1h2 bxc3 18. bxc3 d4 19. c4 Qa3 20. Rab1 Ba8 21. Rb3 Qa6 22. Ng4 Rb8 23. Rcb1 Rxb3 24. Rxb3 Rb8 25. Bg5 Rxb3 26. axb3 Qa1+ 27. Kh2 Bf8 28. Nd2 Qb2 29. Be4 Bb7 30. Kh3 Na5 31. Bxb7 Nxb7 32. Qf3 Na5 33. Nf6+ Nxf6 34. Qxf6 Nxb3 35. Qd8 Qc1 36. Nf3 Qf1+ 37. Kg4 Qxd3 38. Nh4 Qe4+ 39. f4 Qe2+ 40. Kh3 Qf1+ 41. Kg4 Qe2+ 42. Nf3 Nd2 43. Be7 Qxf3+ 44. Kh4 Qh1+ 45. Kg4 Qh5# 0-1


[Site "https://www.chess.com"]

[Event "Titled Tuesday Blitz March 21 Early 2023"]
[White "Tymrakiewicz, Rafal"]
[Black "Salimova, Nurgyul"]
[WhiteFideId "1108832"]
[BlackFideId "2915138"]
[WhiteElo "2151"]
[BlackElo "2314"]
[Result "0-1"]
[Round "04"]
[TimeControl "180+2"]
[Date "2023.03.21"]
[WhiteClock "0:00:19"]
[BlackClock "0:01:40"]

1. e4 c6 2. d4 d5 3. e5 Bf5 4. Nc3 e6 5. g4 Bg6 6. Nge2 c5 7. Be3 Nc6 8. f4 h5 9. dxc5 hxg4 10. Nb5 Be4 11. Rg1 Rxh2 12. Ng3 Bxc2 13. Qc1 d4 14. Bd2 d3 15. Rg2 Rxg2 16. Bxg2 Qh4 17. Kf2 Nh6 18. Qh1 Bxc5+ 0-1


[Site "https://www.chess.com"]

[Event "Titled Tuesday Blitz March 21 Early 2023"]
[White "Matinian, Nikita"]
[Black "Dudzinski, Pawel"]
[WhiteFideId "24129100"]
[BlackFideId "1117890"]
[WhiteElo "2422"]
[BlackElo "2099"]
[Result "1-0"]
[Round "04"]
[TimeControl "180+2"]
[Date "2023.03.21"]
[WhiteClock "0:01:16"]
[BlackClock "0:00:06"]

1. e4 c6 2. Nc3 d5 3. Nf3 dxe4 4. Nxe4 Nf6 5. Qe2 Nxe4 6. Qxe4 Qa5 7. b4 Qd5 8. Qxd5 cxd5 9. Bb2 f6 10. O-O-O e5 11. a3 Bg4 12. h3 Bxf3 13. gxf3 Bd6 14. f4 Nc6 15. fxe5 Bxe5 16. Rg1 g6 17. f4 Bxb2+ 18. Kxb2 Kd7 19. f5 g5 20. h4 h6 21. Bg2 Kd6 22. d3 Rae8 23. Rd2 Re5 24. c4 Ne7 25. c5+ Kc6 26. d4 Re3 27. a4 a6 28. Rh1 Nxf5 29. Rf1 Ng7 30. Rxf6+ Re6 31. Rdf2 Re8 32. Bh3 Rxf6 33. Rxf6+ Kc7 34. Rf7+ Kb8 35. Rxg7 Re2+ 36. Kc1 Rh2 37. Be6 Rxh4 38. b5 axb5 39. axb5 Rxd4 40. b6 Rc4+ 41. Kd2 Rxc5 42. Rg8+ Rc8 43. Rxc8# 1-0


[Site "https://www.chess.com"]

[Event "Titled Tuesday Blitz March 21 Early 2023"]
[White "Rozman, Levy"]
[Black "Bas Mas, Jose Joaquin"]
[WhiteFideId "2039877"]
[BlackFideId "22219064"]
[WhiteElo "2376"]
[BlackElo "2233"]
[Result "1-0"]
[Round "04"]
[TimeControl "180+2"]
[Date "2023.03.21"]
[WhiteClock "0:01:14"]
[BlackClock "0:00:10"]

1. e4 e6 2. d4 d5 3. e5 c5 4. c3 Nc6 5. Nf3 Qb6 6. Bd3 Bd7 7. dxc5 Bxc5 8. O-O a5 9. Nbd2 Nge7 10. Nb3 Ng6 11. Nxc5 Qxc5 12. Re1 a4 13. h4 O-O 14. h5 Nge7 15. h6 g6 16. Be3 Qa5 17. Bg5 b5 18. a3 Rac8 19. Qd2 d4 20. Bxe7 Nxe7 21. Nxd4 Nd5 22. Be4 Qd8 23. Bxd5 exd5 24. Qf4 Re8 25. Rad1 Rc4 26. Re3 Be6 27. Qg3 Qc7 28. Nxb5 Qe7 29. Nd6 Rec8 30. Nxc8 Rxc8 31. Rd4 Ra8 32. Qh4 g5 33. Rg3 1-0


[Site "https://www.chess.com"]

[Event "Titled Tuesday Blitz March 21 Early 2023"]
[White "Aggelis, Nikolaos"]
[Black "Kubatko, Ivan"]
[WhiteFideId "4213220"]
[BlackFideId "24111473"]
[WhiteElo "2189"]
[BlackElo "2285"]
[Result "1-0"]
[Round "04"]
[TimeControl "180+2"]
[Date "2023.03.21"]
[WhiteClock "0:01:07"]
[BlackClock "0:00:03"]

1. d4 d5 2. g3 c5 3. Nf3 Nc6 4. Bg2 Nf6 5. O-O e6 6. c4 Be7 7. cxd5 exd5 8. dxc5 Bxc5 9. Nc3 O-O 10. Bg5 d4 11. Bxf6 Qxf6 12. Nd5 Qd8 13. Ne1 Re8 14. Nd3 Bf8 15. b4 g6 16. b5 Na5 17. Qa4 Be6 18. N3f4 Bf5 19. Qxd4 Bg7 20. Qb4 b6 21. Rac1 Rc8 22. Rxc8 Bxc8 23. Rc1 Bb7 24. e4 Be5 25. h4 h5 26. Rc2 Kg7 27. Rd2 Bd6 28. Qd4+ Be5 29. Qb4 Bd6 30. Qb2+ Be5 31. Qc2 Qb8 32. Nd3 Rc8 33. Qd1 Nc4 34. Rc2 Qd6 35. Nxe5 Nxe5 36. Rxc8 Bxc8 37. Qd4 Kg8 38. f4 Nd7 39. e5 Qc5 40. Qxc5 Nxc5 41. Ne7+ 1-0


[Site "https://www.chess.com"]